 Dungeon Crawl Stone Soup version 0.30-a0-879-ga8ba668304 (webtiles) character file.

Game seed: 8126996322277680513

44 snarfax the Ducker (level 3, -4/16 HPs)
             Began as a Spriggan Conjurer on Mar 12, 2023.
             Killed from afar by Natasha (7 damage)
             ... with a magic dart
             ... on level 2 of the Dungeon.
             The game lasted 00:05:29 (2254 turns).

snarfax the Ducker (Spriggan Conjurer)              Turns: 2254, Time: 00:05:30

Health: -4/16      AC:  2    Str:  5    XL:     3   Next: 39%
Magic:  0/8        EV: 18    Int: 19    God:
Gold:   79         SH:  0    Dex: 13    Spells: 7/8 levels left

rFire   . . .      SeeInvis +    k - +0 dagger
rCold   . . .      Faith    .    (no shield)
rNeg    . . .      Spirit   .    a - +0 robe
rPois   .          Reflect  .    (helmet restricted)
rElec   .          Rampage  .    (no cloak)
rCorr   .                        (gloves unavailable)
Will    .....                    (boots unavailable)
Stlth   ++                       (no amulet)
HPRegen 0.22/turn                (no ring)
MPRegen 0.11/turn                (no ring)

@: very slightly contaminated, very quick
A: very small, no large weapons, unfitting armour, see invisible, speed 3
a: no special abilities


You were on level 2 of the Dungeon.
You visited 1 branch of the dungeon, and saw 2 of its levels.

You collected 79 gold pieces.

Inventory:

Hand Weapons
 c - a +0 long sword
 k - a +0 dagger (weapon)
Missiles
 e - 17 stones
 l - 7 poisoned darts
Armour
 a - a +0 robe (worn)
Jewellery
 h - a ring of fire
Scrolls
 g - a scroll of fog {unknown}
 n - a scroll of identify
 o - a scroll of teleportation {unknown}
Potions
 b - 2 potions of magic
 d - 2 potions of ambrosia
 f - a potion of heal wounds {unknown}
 i - a potion of degeneration {unknown}
 j - 2 potions of haste {unknown}
 m - a potion of might {unknown}


   Skills:
 * Level 4.1 Dodging
 + Level 3.9 Stealth
 + Level 3.3 Spellcasting
 - Level 2.9 Conjurations


You had 7 spell levels left.
You knew the following spells:

 Your Spells              Type           Power      Damage    Failure   Level
a - Magic Dart            Conj           56%        1d5       4%          1

Your spell library contained the following spells:

 Spells                   Type           Power      Damage    Failure   Level
 Searing Ray              Conj           28%        2d5       7%          2
 Dazzling Flash           Conj/Hex       16%        N/A       24%         3
 Fulminant Prism          Conj/Hex       4%         3d5       63%         4
 Iskenderun's Mystic Bla  Conj/Tloc      8%         2d4       63%         4


Dungeon Overview and Level Annotations

Branches:
Dungeon (2/15)

Altars:

Annotations:
D:2 Natasha


Innate Abilities, Weirdness & Mutations

You are very small and have problems with some larger weapons.
You are too small for most types of armour.
You have supernaturally acute eyesight. (SInv)
You cover ground extremely quickly. (Speed+++)


Message History

Casting: Magic Dart (safe; 4% risk of failure)
Confirm with . or Enter, or press ? or * to list all spells.
Aiming: Magic Dart (safe; 4% risk of failure)
Press: ? - help, Shift-Dir - straight line, f/p - crimson imp
Aim: a crimson imp (moderately wounded, summoned, 100% to hit)
The magic dart hits the crimson imp but does no damage.
The crimson imp is moderately wounded.
Natasha stares at you and mumbles some strange words.
The magic dart hits you.
The crimson imp blinks!
You see here a rat corpse.
The crimson imp hits you.
The crimson imp blinks!
You hit the crimson imp but do no damage.
The crimson imp is lightly wounded.
The crimson imp completely misses you.
Natasha mumbles some strange words.
Casting: Magic Dart (safe; 4% risk of failure)
Confirm with . or Enter, or press ? or * to list all spells.
Aiming: Magic Dart (safe; 4% risk of failure)
Press: ? - help, Shift-Dir - straight line, f/p - crimson imp
Aim: a crimson imp (summoned, 100% to hit)
The magic dart hits the crimson imp.
The crimson imp is lightly wounded.
The crimson imp completely misses you.
Casting: Magic Dart (safe; 4% risk of failure)
Confirm with . or Enter, or press ? or * to list all spells.
Aiming: Magic Dart (safe; 4% risk of failure)
Press: ? - help, Shift-Dir - straight line, f/p - crimson imp
Aim: a crimson imp (summoned, 100% to hit)
You miscast Magic Dart.
You are very lightly contaminated with residual magic.
Nothing appears to happen.
The crimson imp misses you. Natasha casts a spell at you.
The magic dart hits you!
* * * LOW HITPOINT WARNING * * *
The crimson imp laughs crazily.
You closely miss the crimson imp.
The crimson imp blinks!
Natasha stares at you and mumbles some strange words.
The magic dart hits you!
You die...

#.#
..########.##.
#.#
..#....)...##.
#.#
#.#.#########.
#.#
#.#.#.........
#5#
#.#.#..#######
#.# #.#.#..# #†#
#.#.##.#
###5#####......#
#..5h@§.....####
###5#########
###


You could see Natasha, 2 crimson imps and a white imp (summoned).

Vanquished Creatures
  An adder (D:2)
  A dart slug (D:1)
  7 bats
  An endoplasm (D:1)
  A giant cockroach (D:1)
  4 goblins (D:1)
  3 hobgoblins
  A kobold (D:2)
  2 quokkas
  2 ball pythons
  3 frilled lizards
  5 rats
31 creatures vanquished.

Notes
Turn   | Place    | Note
-------+----------+-------------------------------------------
     0 | D:1      | snarfax the Spriggan Conjurer began the quest for the Orb.
     0 | D:1      | Reached XP level 1. HP: 9/9 MP: 5/5
    81 | D:1      | Reached skill level 3 in Dodging
   253 | D:1      | Reached XP level 2. HP: 9/13 MP: 0/6
  1432 | D:2      | Reached XP level 3. HP: 16/16 MP: 5/8
  1661 | D:2      | Reached skill level 4 in Dodging
  2228 | D:2      | Noticed Natasha
  2254 | D:2      | Killed from afar by Natasha

Illustrated notes

Levels and vault maps discovered:
D:1:      amcnicky_arrival_single_pillar, layout_loops_ring
D:2:      layout_basic, uniq_natasha

Skill      XL: |  1  2  3 |
---------------+----------+-----
Dodging        | 3 4 |  4.1
Spellcasting   | 3 |  3.3
Stealth        | |  3.9
Conjurations   | |  2.9

Action                     || total
---------------------------++-------
  Melee: Long sword        ||     2
         Dagger            ||     6
   Cast: Magic Dart        ||    71
    Use: Scroll            ||     3
 Armour: Robe              ||     2
  Dodge: Dodged            ||    19

Table legend: (Time is in decaauts)
 A = Elapsed time spent in this place.
 B = Non-inter-level travel time spent in this place.
 C = Inter-level travel time spent in this place.
 D = Time resting spent in this place.
 E = Time spent auto-exploring this place.
 F = Levels seen in this place.
 G = Mean time per level.
                   A        B        C        D        E       F      G
               +--------+--------+--------+--------+--------+-----+--------+
         Total |   1626 |   1580 |     46 |     56 |   1322 |   2 |  813.0 |
       Dungeon |   1626 |   1580 |     46 |     56 |   1322 |   2 |  813.0 |
               +--------+--------+--------+--------+--------+-----+--------+

Top non-repeatable levels by time:
     D:1: 873 daAuts
     D:2: 753 daAuts
